 Dungeon Crawl Stone Soup version 0.30-a0-389-g8d7d949f56 (webtiles) character file.

Game seed: 12942743287965275810

42184 Kormanboo the Bludgeoner (level 13, -2/125 HPs)
             Began as a Minotaur Berserker on Dec 2, 2022.
             Was a High Priest of Trog.
             Killed from afar by Nikola (61 damage)
             ... with an arc of chain lightning
             ... on level 1 of the Swamp on Dec 4, 2022.
             The game lasted 02:06:17 (14299 turns).

Kormanboo the Bludgeoner (Minotaur Berserker)      Turns: 14299, Time: 02:06:17

Health: -2/125     AC: 25    Str: 34    XL:     13   Next: 84%
Magic:  12/12      EV: 11    Int:  8    God:    Trog [*****.]
Gold:   1027       SH: 12    Dex: 14    Spells: 12/12 levels left

rFire   . . .      SeeInvis .    A - +1 morningstar (vorpal)
rCold   . . .      Faith    .    S - +1 kite shield
rNeg    . . .      Spirit   .    T - +7 plate armour "Lyjepiw" {+Inv Str+7 Int+4 Dex+4}
rPois   .          Reflect  .    (helmet restricted)
rElec   .          Harm     .    y - +0 cloak
rCorr   .          Rampage  .    O - +0 pair of gloves
Will    +....                    (no boots)
Stlth   ..........               M - amulet of the acrobat
HPRegen 0.40/turn                m - ring of flight
MPRegen 0.13/turn                U - ring of willpower

@: flying
A: horns 2, retaliatory headbutt
a: Renounce Religion, Evoke Invisibility, Berserk, Trog's Hand, Brothers in Arms


You were on level 1 of the Swamp.
You worshipped Trog.
Trog was extremely pleased with you.
You visited 3 branches of the dungeon, and saw 16 of its levels.

You collected 1081 gold pieces.
You spent 54 gold pieces at shops.

Inventory:

Hand Weapons
 t - a +2 great mace of flaming
 A - a +1 vorpal morningstar (weapon)
 D - a +1 whip of freezing
 E - a +0 flail of venom
 I - a +0 mace of protection
Missiles
 n - 10 curare-tipped darts
 x - 2 boomerangs of dispersal
 z - 38 poisoned darts
 B - 19 boomerangs
 F - 76 stones
 K - 10 atropa-tipped darts
Armour
 l - a scarf of shadows
 y - a +0 cloak (worn)
 O - a +0 pair of gloves (worn)
 S - a +1 kite shield (worn)
 T - the +7 plate armour "Lyjepiw" (worn) {+Inv Str+7 Int+4 Dex+4}
   (You found it on level 9 of the Dungeon)

   Str:       It affects your strength (+7).
   Int:       It affects your intelligence (+4).
   Dex:       It affects your dexterity (+4).
   +Inv:      It lets you turn invisible.
Jewellery
 a - a ring of willpower
 m - a ring of flight (left hand)
 p - a ring of resist corrosion
 M - an amulet of the acrobat (around neck)
 U - a ring of willpower (right hand)
 V - an amulet of guardian spirit
Wands
 u - a wand of light (9)
 N - a wand of charming (18)
 P - a wand of mindburst (12) (quivered)
 Q - a wand of polymorph (13)
 R - a wand of flame (53)
Scrolls
 e - 2 scrolls of poison {unknown}
 i - 2 scrolls of blinking
 k - 4 scrolls of vulnerability
 o - a scroll of enchant weapon {unknown}
 s - a scroll of enchant armour
 v - 2 scrolls of torment
 w - 3 scrolls of noise
 C - 2 scrolls of identify
 G - a scroll of magic mapping {unknown}
 J - 6 scrolls of teleportation
 X - a scroll of silence {unknown}
Potions
 c - a potion of mutation
 d - 3 potions of might
 f - 5 potions of curing
 g - 2 potions of haste
 h - a potion of heal wounds
 r - 2 potions of lignification
 L - 7 potions of ambrosia
 W - 5 potions of attraction
 Y - 2 potions of berserk rage
Miscellaneous
 j - a phantom mirror
 q - a box of beasts


   Skills:
 + Level 14.4 Fighting
 - Level 16.0 Maces & Flails
 - Level 1.6 Throwing
 + Level 12.8 Armour
 + Level 9.4 Dodging
 - Level 1.0 Stealth
 + Level 8.6 Shields


You had 12 spell levels left.
You didn't know any spells.
Your spell library was empty.

Dungeon Overview and Level Annotations

Branches:
Dungeon (11/15)            Temple (0/1) D:6            Lair (4/5) D:10
  Swamp (1/4) Lair:3       Spider (0/4) Lair:2
  Slime: Lair:4-5       Orc: D:9-12

Altars:
Elyvilon
Makhleb
Uskayaw
Vehumet
Wu Jian
Xom

Shops:
D:6 [

Annotations:
D:4 1 runed translucent door, Crazy Yiuf
Lair:3 exclusion: 2 oklob plants
Swamp:1 Nikola


Innate Abilities, Weirdness & Mutations

You have a pair of horns on your head.
You reflexively headbutt those who attack you in melee.


Message History

Nikola gestures wildly while chanting.
Lightning arcs from Nikola's hands!
The bolt of lightning hits you!!!
A bolt of lightning appears from out of thin air!
The bolt of lightning hits Nikola!
You hear a chilling moan.
You hear a roar!
There is a staircase back to the Lair, spattered with blood here.
You fly upwards.
Welcome back to the Lair of Beasts!
Level annotation: exclusion: 2 oklob plants
There is a staircase to the Swamp, spattered with blood here.
You start resting.
HP restored.
You fly downwards.
Welcome back to the Swamp!
This branch is noisy: sounds don't travel as far here.
This branch contains the decaying rune of Zot.
Level annotation: Nikola
There is a staircase back to the Lair, spattered with blood here.
The will-o-the-wisp gives a chilling moan.
The will-o-the-wisp blinks!
You impale Nikola!!
Nikola is lightly wounded.
Nikola casts a spell at you. The bolt of lightning hits you!!!
The mangrove smoulders and burns.
You impale Nikola!! You headbutt Nikola!
Nikola is heavily wounded.
Nikola hits you but does no damage.
You are electrocuted!
You puncture Nikola! You headbutt Nikola, but do no damage.
Nikola is heavily wounded.
You closely miss Nikola.
Nikola is heavily wounded.
Nikola misses you. You furiously retaliate!
You headbutt Nikola! You closely miss Nikola. You headbutt Nikola!
Nikola is heavily wounded.
Nikola hits you but does no damage.
A six-headed hydra comes into view.
The six-headed hydra roars!
You impale Nikola!! You headbutt Nikola!
Nikola is almost dead.
Nikola mumbles some strange words.
Lightning arcs from Nikola's hands!
The bolt of lightning hits you!!!
You die...

§~....~. .§...~~♣w♣♣.
..♣..§..♣...
#.f....~.~~ ♣♣♣♣♣
....~♣..~§ ~..♣ ♣♣
.n#.♣...♣ ♣♣D.♣♣♣♣♣.♣
...)♣♣~f♣♣♣ ♣.<~.♣.♣..♣
..v.♣.~~..♣♣♣♣~~~~♣§~.♣
##.n.R÷§.§~♣♣§..@@..~~♣
.....~♣♣♣R♣♣♣♣~~.~.~.~♣
.#...♣§♣♣.♣ ♣~~.~~~.♣♣
..[♣♣♣♣♣♣.♣♣ ♣♣~~~~~>♣
..♣♣ ♣..♣ ♣♣~.~..♣♣ .♣♣
♣~.♣♣♣.~~~~.♣ ♣♣
♣♣.♣♣~.~~~~~♣
♣♣..~§...~.♣♣
♣~~§~..♣♣.♣♣


You could see Nikola and a six-headed hydra.

Vanquished Creatures
  A thorn hunter (Lair:3)
  An eleionoma (Lair:3)
  2 hydras (Lair:3)
  A catoblepas (Lair:3)
  2 boulder beetles
  2 alligators (Swamp:1)
  A shock serpent (D:9)
  Sonja (Lair:3)
  A goliath frog (Swamp:1)
  A bog body (Lair:3)
  Pikel (D:4)
  A will-o-the-wisp (Swamp:1)
  3 black mambas
  10 cane toads
  5 rime drakes
  4 komodo dragons
  A tyrant leech (Lair:3)
  A merfolk (Lair:2)
  A queen bee (Lair:2)
  A hornet (D:9)
  A polar bear (Lair:4)
  A troll (D:10)
  3 blink frogs (Lair:4)
  Sigmund (D:3)
  31 yaks
  A basilisk (Lair:1)
  A vampire mosquito (D:9)
  4 steam dragons
  Edmund (D:4)
  7 water moccasins
  3 swamp worms
  A swamp drake (Swamp:1)
  An orc warrior (D:9)
  2 ice beasts
  2 black bears (D:6)
  An ogre (D:5)
  17 wolves
  2 centaurs
  A lemure (D:4)
  A phantom (D:6)
  3 kobold brigands
  6 bullfrogs
  A gnoll sergeant (D:8)
  A necrophage (D:3)
  3 scorpions
  6 wights
  28 killer bees
  A howler monkey (D:9)
  9 electric eels
  A crimson imp (D:9)
  2 jellies (D:6)
  2 orc priests
  2 hounds
  5 iguanas
  Natasha (thrice) (D:3)
  9 orc wizards
  9 adders
  7 gnolls
  A shadow imp (D:7)
  A white imp (D:7)
  2 ufetubi
  3 dart slugs
  29 orcs
  6 ball pythons
  6 endoplasms
  6 giant cockroaches
  2 goblins
  8 hobgoblins
  4 quokkas
  A bat (D:2)
  4 frilled lizards
  19 kobolds
  4 rats
317 creatures vanquished.

Vanquished Creatures (others)
  A bog body (Swamp:1)
  2 bloated husks (Swamp:1)
  A quokka (D:8)
  4 foxfires (Swamp:1)
  8 fungi
  21 plants
37 creatures vanquished.

Grand Total: 354 creatures vanquished

Notes
Turn   | Place    | Note
-------+----------+-------------------------------------------
     0 | D:1      | Kormanboo the Minotaur Berserker began the quest for the
                  | Orb.
     0 | D:1      | Reached XP level 1. HP: 19/19 MP: 0/0
    81 | D:1      | Reached skill level 4 in Maces & Flails
   331 | D:1      | Reached XP level 2. HP: 26/26 MP: 1/1
   774 | D:2      | Reached XP level 3. HP: 33/33 MP: 2/2
  1100 | D:2      | Reached skill level 5 in Maces & Flails
  1166 | D:2      | Upgraded the game from 0.30-a0-385-gfebfb9b408 to
                  | 0.30-a0-389-g8d7d949f56
  1312 | D:2      | Reached ** piety under Trog
  1501 | D:3      | Reached XP level 4. HP: 40/40 MP: 3/3
  1570 | D:3      | Noticed Natasha
  1590 | D:3      | Killed Natasha
  1611 | D:3      | Noticed Natasha
  1629 | D:3      | Killed Natasha
  1657 | D:3      | Noticed a necrophage
  1675 | D:3      | Killed a necrophage
  1676 | D:3      | Reached XP level 5. HP: 47/47 MP: 4/4
  1798 | D:3      | Noticed Natasha
  1807 | D:3      | Killed Natasha
  1808 | D:3      | Reached skill level 6 in Maces & Flails
  1865 | D:3      | Noticed Sigmund
  1887 | D:3      | Killed Sigmund
  1888 | D:3      | Reached skill level 5 in Fighting
  1888 | D:3      | Reached XP level 6. HP: 41/56 MP: 5/5
  1958 | D:3      | Found a faded altar of an unknown god.
  2067 | D:3      | Reached skill level 1 in Throwing
  2237 | D:4      | Reached skill level 7 in Maces & Flails
  2481 | D:4      | Noticed Pikel
  2516 | D:4      | Killed Pikel
  2517 | D:4      | Reached skill level 8 in Maces & Flails
  2517 | D:4      | Reached XP level 7. HP: 62/62 MP: 6/6
  2640 | D:4      | Noticed Edmund
  2655 | D:4      | Killed Edmund
  2656 | D:4      | Reached skill level 9 in Maces & Flails
  2656 | D:4      | Reached XP level 8. HP: 29/70 MP: 7/7
  2962 | D:4      | Reached skill level 5 in Armour
  2992 | D:4      | Found a runed translucent door.
  2993 | D:4      | Noticed Crazy Yiuf
  3214 | D:5      | Entered Level 5 of the Dungeon
  3373 | D:5      | Found a hide-covered altar of Uskayaw.
  3488 | D:5      | Identified the ring of Immorality {Wiz MP+9}
  3777 | D:5      | Reached skill level 10 in Maces & Flails
  4103 | D:6      | Reached skill level 1 in Stealth
  4183 | D:6      | Reached skill level 11 in Maces & Flails
  4215 | D:6      | Reached XP level 9. HP: 78/78 MP: 8/8
  4225 | D:6      | Reached *** piety under Trog
  4291 | D:6      | Found Jegh's Armour Shoppe.
  4296 | D:6      | Bought a +0 pair of gloves for 54 gold pieces
  4468 | D:6      | Found a shimmering altar of Xom.
  4635 | D:6      | Reached skill level 12 in Maces & Flails
  4847 | D:6      | Found a staircase to the Ecumenical Temple.
  5445 | D:7      | Reached skill level 13 in Maces & Flails
  5810 | D:8      | Reached skill level 14 in Maces & Flails
  6074 | D:8      | Reached XP level 10. HP: 84/84 MP: 9/9
  6077 | D:8      | Reached skill level 15 in Maces & Flails
  6098 | D:8      | Noticed a two-headed ogre
  6344 | D:8      | Found a white marble altar of Elyvilon.
  6561 | D:9      | Reached skill level 16 in Maces & Flails
  6638 | D:9      | Identified the +7 plate armour "Lyjepiw" {+Inv Str+7 Int+4
                  | Dex+4}
  6663 | D:9      | Reached **** piety under Trog
  6927 | D:9      | Noticed a two-headed ogre
  6962 | D:9      | a two-headed ogre changed into a shock serpent
  6962 | D:9      | Noticed a shock serpent
  6965 | D:9      | Killed a shock serpent
  7173 | D:9      | Noticed a boulder beetle
  7204 | D:9      | Killed a boulder beetle
  7661 | D:9      | Found a burning altar of Makhleb.
  7662 | D:9      | Found a radiant altar of Vehumet.
  7765 | D:10     | Entered Level 10 of the Dungeon
  7774 | D:10     | Reached XP level 11. HP: 92/99 MP: 10/10
  7988 | D:10     | Reached skill level 10 in Fighting
  8242 | D:10     | Found a staircase to the Lair.
  8311 | Lair:1   | Entered Level 1 of the Lair of Beasts
  8339 | Lair:1   | Found a hide-covered altar of Uskayaw.
  8340 | Lair:1   | Noticed a boulder beetle
  8880 | Lair:1   | Found an ornate altar of the Wu Jian Council.
  8911 | Lair:1   | Killed a boulder beetle
  8937 | Lair:1   | Reached skill level 1 in Shields
  9068 | Lair:1   | Reached ***** piety under Trog
  9078 | Lair:1   | Reached skill level 5 in Dodging
  9908 | Lair:2   | Reached skill level 10 in Armour
 10177 | Lair:2   | Received a gift from Trog
 10317 | Lair:2   | Found a hole to the Spider Nest.
 10317 | Lair:2   | Noticed an orb spider
 10319 | Lair:2   | an orb spider changed into a merfolk
 10447 | Lair:2   | Reached XP level 12. HP: 113/113 MP: 11/11
 10929 | Lair:3   | Noticed a catoblepas
 10947 | Lair:3   | Killed a catoblepas
 11044 | Lair:3   | Reached XP level 13. HP: 112/122 MP: 12/12
 11513 | Lair:3   | Noticed Sonja
 11536 | Lair:3   | Killed Sonja
 12093 | Lair:3   | You are sucked into a shaft and drop 1 floor!
 12746 | Lair:3   | Found a staircase to the Swamp.
 12841 | Swamp:1  | Entered Level 1 of the Swamp
 13297 | Swamp:1  | Noticed Nikola
 13299 | Swamp:1  | Noticed an eleionoma
 13303 | Swamp:1  | Noticed a thorn hunter
 13781 | Lair:3   | Killed an eleionoma
 13969 | Lair:3   | Killed a thorn hunter
 14299 | Swamp:1  | Killed from afar by Nikola

Illustrated notes

Levels and vault maps discovered:
D:1:      dpeg_arrival_refuge, layout_loops_ring
D:2:      layout_loops_ring, hangedman_abyss_or_decor_stabs
D:3:      layout_rooms, basic_ecumenical_altar, minivault_23, uniq_sigmund,
          uniq_natasha
D:4:      layout_loops_ring, uniq_crazy_yiuf_cottage, uniq_pikel, uniq_edmund
D:5:      layout_loops_ring, nicolae_overflow_crystal_walls,
          kennysheep_opposing_triangles
D:6:      layout_loops_cross, amcnicky_altar_gilded, temple_hall, serial_shops,
          nicolae_shop_hallway_plus
D:7:      layout_rooms
D:8:      hangedman_cross_veins, layout_loops_ring, elyvilon_altar_4,
          hangedman_decor_clover_reticule, chequers_jeans, amethyst_killhole
D:9:      layout_basic, grunt_temple_overflow_lords_of_destruction,
          hangedman_corner_corridor
D:10:     layout_basic, nicolae_gozag_seed_capital, minmay_crystal_water
D:11:     layout_irregular_city, uniq_erica, uniq_nergalle
Lair:1:   layout_cellular_growth, nzn_masters_of_martial_movement,
          grunt_megastairs_1
Lair:2:   layout_cave_pods, nicolae_spider_entry_orb_guardian, special_room
          [special_room_bee], grunt_megastairs_2, lemuel_fruit_tree
Lair:3:   layout_loops_ring, palyth_hydra_swamp_entry,
          chequers_serial_rivers_room_b, dpeg_oklob_1, lemuel_fruit_fields,
          serial_bayou_shore_b, infiniplex_staircase_pool, uniq_sonja
Lair:4:   layout_gridlike, serial_bayou, serial_bayou_pond_c,
          serial_bayou_pond_d, serial_bayou_shore_b, serial_bayou_pond_a
Swamp:1:  layout_falls_marsh, evilmike_swamp_ruin_rubble_1, swamp_pool1,
          uniq_nikola

Skill      XL: |  1  2  3  4  5  6  7  8  9 10 11 12 13 |
---------------+----------------------------------------+-----
Maces & Flails | 4 5 6 8 9 11 14 16 | 16.0
Fighting       | 4 5 6 9 12 13 14 | 14.4
Dodging        | 3 6 8 9 |  9.4
Armour         | 3 4 5 7 10 11 12 | 12.8
Throwing       | 1 |  1.6
Stealth        | 1 |  1.0
Shields        | 3 6 8 |  8.6

Action                   |  1- 3 |  4- 6 |  7- 9 | 10-12 | 13-15 || total
-------------------------+-------+-------+-------+-------+-------++-------
Melee: Mace              |    70 |    54 |       |       |       ||   124
       Headbutt          |    11 |    14 |    34 |    77 |    42 ||   178
       Punch             |     1 |       |     7 |     2 |       ||    10
       Morningstar       |       |    34 |   233 |   398 |   190 ||   855
Throw: Stone             |    12 |     7 |    11 |       |     8 ||    38
       Dart              |       |       |       |     2 |       ||     2
Invok: Berserk           |       |     3 |     2 |     1 |     2 ||     8
       Trog's Hand       |       |       |       |       |     1 ||     1
Evoke: Wand              |       |       |       |     7 |       ||     7
  Use: Potion            |       |     2 |       |     5 |     5 ||    12
       Scroll            |       |       |     4 |     7 |     2 ||    13
Armor: Animal skin       |     5 |       |       |       |       ||     5
       Chain mail        |     4 |    45 |   105 |    16 |       ||   170
       Leather armour    |     4 |       |       |       |       ||     4
       Plate armour      |       |       |       |   151 |    68 ||   219
       Skin              |       |       |       |     5 |       ||     5
Dodge: Dodged            |    35 |    28 |   103 |   234 |   102 ||   502
Block: Kite shield       |       |       |       |    28 |    81 ||   109

Table legend: (Time is in decaauts)
 A = Elapsed time spent in this place.
 B = Non-inter-level travel time spent in this place.
 C = Inter-level travel time spent in this place.
 D = Time resting spent in this place.
 E = Time spent auto-exploring this place.
 F = Levels seen in this place.
 G = Mean time per level.
                   A        B        C        D        E       F      G
               +--------+--------+--------+--------+--------+-----+--------+
         Total |  14240 |  14016 |    224 |   4272 |   6171 |  16 |  890.0 |
       Dungeon |   8310 |   8193 |    117 |   1863 |   4033 |  11 |  755.5 |
          Lair |   5382 |   5275 |    107 |   2079 |   2095 |   4 | 1345.5 |
         Swamp |    547 |    547 |      0 |    328 |     43 |   1 |  547.0 |
               +--------+--------+--------+--------+--------+-----+--------+

Top non-repeatable levels by time:
  Lair:3: 2294 daAuts
  Lair:2: 1374 daAuts
     D:9: 1346 daAuts
  Lair:1: 1257 daAuts
     D:6: 1075 daAuts
     D:4: 1001 daAuts
     D:3: 823 daAuts
     D:1: 774 daAuts
     D:5: 716 daAuts
     D:7: 689 daAuts
     D:8: 687 daAuts
     D:2: 662 daAuts
 Swamp:1: 547 daAuts
    D:10: 528 daAuts
  Lair:4: 455 daAuts
